 Dungeon Crawl Stone Soup version 0.31.0-11-ge490571c62 (webtiles) character file.

Game seed: 3620611662727034284

644 browni3141 the Chopper (level 7, -6/94 HPs)
             Began as a Minotaur Fighter on Jan 28, 2024.
             Killed by divine providence
             ... invoked by an orc priest
              (13 damage)
             ... on level 6 of the Dungeon.
             The game lasted 00:01:18 (2398 turns).

browni3141 the Chopper (Minotaur Fighter)           Turns: 2398, Time: 00:01:19

Health: -6/94      AC: 23    Str: 22    XL:     7   Next: 26%
Magic:  6/6        EV:  2    Int:  5    God:
Gold:   141        SH:  0    Dex: 10    Spells: 6/6 levels left

rFire   . . .        a - +0 war axe
rCold   . . .        o - +0 kite shield
rNeg    . . .        b - melded +0 scale mail
rPois   +            (helmet currently unavailable)
rElec   .            r - melded +0 cloak
rCorr   .            (gloves currently unavailable)
SInv    .            (boots currently unavailable)
Will    .....        m - amulet of the acrobat
Stlth   +            (no ring)
HPRegen 0.35/turn    (no ring)
MPRegen 0.10/turn

%: acrobat
@: confused, tree-form, ambrosia-drunk
A: stationary, stasis, torment immunity, boosted hp, (horns 2), (retaliatory
headbutt)
a: no special abilities


You were on level 6 of the Dungeon.
You were a tree.
You visited 1 branch of the dungeon, and saw 6 of its levels.

You collected 141 gold pieces.

Inventory:

Hand Weapons
 a - a +0 war axe (weapon)
Missiles
 j - 6 boomerangs (quivered)
Armour
 b - a +0 scale mail (melded)
 c - a +0 buckler
 o - a +0 kite shield (worn)
 r - a +0 cloak (melded)
Jewellery
 m - an amulet of the acrobat (around neck)
Wands
 t - a wand of flame (19)
Scrolls
 e - 2 scrolls of vulnerability {unknown}
 f - a scroll of blinking {unknown}
 g - 2 scrolls of amnesia {unknown}
 h - a scroll of immolation {unknown}
 i - a scroll of teleportation {unknown}
 l - a scroll of silence {unknown}
 n - a scroll of fear {unknown}
 q - 3 scrolls of identify {unknown}
Potions
 d - a potion of might
 k - a potion of mutation {unknown}
 p - a potion of resistance {unknown}
 s - 2 potions of lignification


   Skills:
 + Level 6.0 Fighting
 * Level 7.1 Axes
 - Level 3.6 Armour
 * Level 5.8 Shields


You had 6 spell levels left.
You didn't know any spells.
Your spell library contained the following spells:

 Spells                   Type           Power      Damage    Failure   Level
 Ensorcelled Hibernation  Hex/Ice        0%         N/A       86%         2
 Passwall                 Erth           0%         N/A       98%         3
 Swiftness                Air            0%         N/A       98%         3


Dungeon Overview and Level Annotations

Branches:
Dungeon (6/15)
 Temple: D:4-7

Altars:
Okawaru
Wu Jian
Yredelemnul


Innate Abilities, Weirdness & Mutations

You are a tree.
Your roots penetrate the ground, keeping you stationary.
You cannot be teleported.
You are immune to unholy pain and torment.
Your maximum health is greatly increased.
Your equipment is partially melded.
((You have a pair of horns on your head.))
((You reflexively headbutt those who attack you in melee.))


Message History

You block the gnoll's attack.
You closely miss the gnoll.
The gnoll is almost dead.
You block the gnoll's attack. x2
You closely miss the gnoll. Your headbutt misses the gnoll.
The gnoll is almost dead.
You hit the orc but do no damage. The gnoll barely misses you.
You furiously retaliate!
You headbutt the gnoll.
You kill the gnoll!
The orc hits you but does no damage.
The orc priest looks encouraged for a moment.
You slash the orc!
The orc is almost dead.
You closely miss the orc. You block the orc's attack.
The orc hits you but does no damage.
You closely miss the orc. Your headbutt misses the orc.
The orc is almost dead.
You closely miss the orc. The orc hits you but does no damage. x2
You slash the orc!
You kill the orc!
You barely miss the orc. You block the orc's attack. x2
The gnoll barely misses you.
You slash the gnoll! Your headbutt misses the gnoll.
The gnoll is heavily wounded.
You barely miss the orc.
The orc priest begins to cast a cantrip, but forgets the words!
The orc hits you with a +0 mace. The gnoll barely misses you.
You furiously retaliate!
You headbutt the gnoll!
You kill the gnoll!
You closely miss the orc. x2; You block the orc's attack.
The orc hits you with a +0 flail!
You closely miss the orc. You hit the orc. You block the orc's attack.
You block the gnoll's attack. The orc barely misses you.
You hit the orc but do no damage.
The orc is severely wounded.
You closely miss the orc. The orc hits you but does no damage.
The gnoll hits you from afar with a +0 halberd.
The orc barely misses you. The orc hits you with a +0 mace.
You block the orc's attack.
The gnoll hits you from afar with a +0 halberd!
You barely miss the orc.
The orc is severely wounded.
You hit the orc. The orc completely misses you. You furiously retaliate!
You headbutt the orc.
You kill the orc!
The gnoll completely misses you. The orc hits you but does no damage.
An orc wizard comes into view. It is wielding a +0 dagger.
You closely miss the orc.
The orc is heavily wounded.
You block the gnoll's attack. You block the orc's attack.
You hit the orc.
The orc is almost dead.
The orc priest invokes the aid of Beogh against you.
Beogh smites you! The gnoll barely misses you. You block the orc's attack.
You barely miss the orc.
The orc is almost dead.
The gnoll hits you from afar with a +0 halberd.
The orc hits you but does no damage.
An orc priest comes into view. It is wielding a +0 short sword.
The orc hits you with a +0 flail. The gnoll barely misses you.
The orc priest moves out of view.
You barely miss the orc.
The orc is almost dead.
You block the gnoll's attack. You block the orc's attack.
You closely miss the orc.
The orc is almost dead.
You block the gnoll's attack. You block the orc's attack.
You closely miss the orc.
The orc is almost dead.
The orc priest calls upon Beogh to heal the orc.
The orc is healed somewhat.
You block the gnoll's attack. You block the orc's attack.
You barely miss the orc.
The orc is lightly wounded.
The gnoll hits you from afar with a +0 halberd!
You block the orc's attack.
The orc priest calls upon Beogh to heal the orc.
The orc's wounds heal themselves!
You block the orc's attack.
The gnoll hits you from afar with a +0 halberd!
You hit the orc. You headbutt the orc.
You kill the orc!
The gnoll hits you from afar with a +0 halberd!
The orc wizard gestures wildly while chanting.
The orc wizard flickers and vanishes!
Deactivating autopickup; reactivate with Ctrl-A.
You hear a shout!
It was a potion of lignification.
You turn into a tree.
Your +0 cloak melds into your body.
Your +0 scale mail melds into your body.
Your roots penetrate the ground.
The orc priest hits you but does no damage.
You block the gnoll's attack.
An orc comes into view. It is wielding a +0 dagger.
You are confused.
You feel invigorated.
The orc priest looks satisfied for a moment.
The gnoll hits you but does no damage.
The orc priest mumbles some strange prayers to Beogh against you.
Beogh smites you!
You die...

#### ##.#. ###_.'. #
#.##.#. #. #.##### #..
##.# #. #... ####..# ##
#.#.g#### ##....## #
#..{oo♣.####..#### ##
#..####).....#########.
$o.................)..
...###..##############
. #... .... ......
####. ##...... #....
##>..!.. #.##. #....#
#.#..


You could see 2 orc priests and a gnoll.

Vanquished Creatures
  An ogre (D:5)
  A centaur (D:5)
  A phantom (D:5)
  A kobold brigand (D:5)
  A scorpion (D:4)
  3 hounds
  A sleepcap (D:5)
  An orc wizard (D:6)
  2 gnolls (D:6)
  5 adders
  A white imp (D:6)
  2 ufetubi (D:5)
  A ribbon worm (D:2)
  13 orcs
  5 ball pythons
  4 endoplasms
  2 giant cockroaches
  3 goblins (D:3)
  4 hobgoblins
  2 jackals (D:5)
  2 kobolds (D:3)
  3 quokkas
  2 rats
61 creatures vanquished.

Notes
Turn   | Place    | Note
-------+----------+-------------------------------------------
     0 | D:1      | browni3141 the Minotaur Fighter began the quest for the
                  | Orb.
     0 | D:1      | Reached XP level 1. HP: 19/19 MP: 0/0
     0 | D:1      | Noticed a tentacled monstrosity
     0 | D:1      | Noticed a black draconian
     1 | D:1      | Noticed an iron dragon
     2 | D:1      | Noticed an iron dragon
     2 | D:1      | Noticed an orb of fire
     4 | D:1      | Noticed an iron dragon
     4 | D:1      | Noticed an orb of fire
     7 | D:1      | Noticed an orb of fire
     8 | D:1      | Noticed a tentacled monstrosity
     9 | D:1      | Noticed an orb of fire
    12 | D:1      | Noticed an ice dragon
    12 | D:1      | Noticed an orb of fire
    16 | D:1      | Noticed a tentacled monstrosity
    18 | D:1      | Noticed a yellow draconian
    18 | D:1      | Noticed a shadow dragon
    20 | D:1      | Noticed a green draconian
    22 | D:1      | Noticed an ice dragon
    73 | D:2      | Reached skill level 3 in Axes
   101 | D:2      | Reached XP level 2. HP: 27/27 MP: 1/1
   192 | D:3      | Reached XP level 3. HP: 28/33 MP: 2/2
   313 | D:3      | Reached skill level 4 in Axes
   821 | D:4      | Noticed a scorpion
   832 | D:4      | Killed a scorpion
   833 | D:4      | Reached skill level 5 in Axes
   833 | D:4      | Reached XP level 4. HP: 18/41 MP: 3/3
  1150 | D:4      | Reached skill level 5 in Fighting
  1150 | D:4      | Reached XP level 5. HP: 47/48 MP: 4/4
  1188 | D:5      | Entered Level 5 of the Dungeon
  1279 | D:5      | Noticed a phantom
  1286 | D:5      | Killed a phantom
  1348 | D:5      | Noticed a centaur
  1355 | D:5      | Killed a centaur
  1356 | D:5      | Reached skill level 6 in Axes
  1356 | D:5      | Reached XP level 6. HP: 35/56 MP: 5/5
  1685 | D:5      | Reached skill level 5 in Shields
  1826 | D:5      | Reached XP level 7. HP: 51/62 MP: 6/6
  1892 | D:5      | Reached skill level 7 in Axes
  2323 | D:6      | Found an ornate altar of the Wu Jian Council.
  2327 | D:6      | Found an iron altar of Okawaru.
  2330 | D:6      | Found a basalt altar of Yredelemnul.
  2396 | D:6      | HP: 2/63 [gnoll/+0 halberd (8)]
  2398 | D:6      | Killed from afar by an orc priest

Illustrated notes

Levels and vault maps discovered:
D:1:      shiori_arrival_whats_in_store_for_you, layout_basic
D:2:      layout_basic, chequers_serial_rivers_marsh, uniq_sigmund
D:3:      layout_basic, guppyfry_early_lair_pool, uniq_jessica
D:4:      layout_gridville, uniq_crazy_yiuf_cottage
D:5:      layout_basic, blue_anna_alchemist
D:6:      layout_basic, grunt_temple_overflow_diamond

Skill      XL: |  1  2  3  4  5  6  7 |
---------------+----------------------+-----
Axes           | 3 5 6 7 |  7.1
Fighting       | 4 5 6 |  6.0
Shields        | 4 5 |  5.8
Armour         | |  3.6

Action                     |  1- 3 |  4- 6 |  7- 9 || total
---------------------------+-------+-------+-------++-------
  Melee: War axe           |    63 |    52 |    30 ||   145
         Headbutt          |     4 |     6 |     4 ||    14
    Use: Potion            |       |       |     2 ||     2
 Armour: Scale mail        |    51 |    40 |    23 ||   114
         Skin              |       |       |     2 ||     2
  Dodge: Dodged            |    36 |    27 |    10 ||    73
  Block: Buckler           |    18 |     8 |       ||    26
         Kite shield       |       |    13 |    25 ||    38
